 Dungeon Crawl Stone Soup version 0.27.1-33-g824d729ab1 (webtiles) character file.

Game seed: 584688524553209955

98 Kaptain the Sneak (level 4, -4/42 HPs)
             Began as an Octopode Earth Elementalist on Dec 18, 2021.
             Slain by Terence (11 damage)
             ... on level 3 of the Dungeon.
             The game lasted 00:08:53 (2832 turns).

Kaptain the Sneak (Octopode Earth Elementalist)     Turns: 2832, Time: 00:08:53

Health: -4/42      AC:  1    Str:  7    XL:     4   Next: 71%
Magic:  5/7        EV: 13    Int: 18    God:
Gold:   108        SH:  0    Dex: 12    Spells: 2/8 levels left

rFire    . . .     SeeInvis .   b - +0 short sword
rCold    . . .     Faith    .   (no shield)
rNeg     . . .     Spirit   .   (helmet restricted)
rPois    .         Reflect  .   (no amulet)
rElec    .         Harm     .   (no ring)
rCorr    .         Rampage  .   (no ring)
Will     .....                  (no ring)
Stlth    ..........             (no ring)
HPRegen  0.14/turn              (no ring)
MPRegen  0.10/turn              (no ring)
                                (no ring)
                                (no ring)

@: berserking, very quick
A: almost no armour, amphibious, 8 rings, camouflage 1, gelatinous body 1,
(nimble swimmer 1), tentacles
a: no special abilities


You were on level 3 of the Dungeon.
You visited 1 branch of the dungeon, and saw 4 of its levels.

You collected 108 gold pieces.

Inventory:

Hand Weapons
 a - a +0 flail
 b - a +0 short sword (weapon)
 e - a +0 quarterstaff
 h - a +0 dagger
Missiles
 c - 8 curare-tipped darts
 d - 12 stones
Scrolls
 g - a scroll of enchant weapon {unknown}
 l - a scroll of holy word {unknown}
Potions
 i - a potion of mutation
 m - a potion of haste


   Skills:
 + Level 1.2 Fighting
 + Level 2.6 Dodging
 * Level 4.2 Stealth
 * Level 2.5 Spellcasting
 - Level 1.0 Transmutations
 * Level 3.6 Earth Magic


You had 2 spell levels left.
You knew the following spells:

 Your Spells              Type           Power      Damage    Failure   Level
a - Sandblast             Erth           30%        2d9       3%          1
b - Passwall              Tmut/Erth      8%         N/A       10%         2
c - Stone Arrow           Conj/Erth      16%        3d8       24%         3

Your spell library contained the following spells:

 Spells                   Type           Power      Damage    Failure   Level
 Magic Dart               Conj           8%         1d3       17%         1
 Wereblood                Tmut           5%         N/A       17%         2
 Call Imp                 Summ           2%         N/A       26%         2
 Sublimation of Blood     Necr           1%         N/A       26%         2
 Mephitic Cloud           Conj/Pois/Air  2%         N/A       45%         3
 Petrify                  Tmut/Erth      10%        N/A       54%         4
 Summon Hydra             Summ           1%         N/A       100%        7


Dungeon Overview and Level Annotations

Branches:
Dungeon (4/15)
 Temple: D:4-7

Altars:

Annotations:
D:3 2 runed translucent doors, Terence


Innate Abilities, Weirdness & Mutations

You cannot wear most types of armour.
You are amphibious.
You can wear up to eight rings at the same time.
Your skin changes colour to match your surroundings (Stealth+).
Your rubbery body absorbs attacks. (AC +1, EV +1)
((You are camouflaged near water. (Stealth+)))
You have tentacles for arms and can constrict up to eight enemies at once.


Message History

Things that are here:
a +0 club; a goblin corpse Terence the Incautious comes into view.
He is wielding a +0 flail.
Found a runed translucent gate.
The helpless Terence fails to defend himself.
You puncture Terence! You grab Terence.
Terence is moderately wounded.
You constrict Terence, but do no damage.
Terence hits you with a +0 flail.
You hit Terence but do no damage. You squeeze Terence.
Terence is heavily wounded.
You constrict Terence, but do no damage.
Terence hits you with a +0 flail.
Casting: Sandblast (safe; 3% risk of failure)
Confirm with . or Enter, or press ? or * to list all spells.
Aiming: Sandblast (safe; 3% risk of failure)
Press: ? - help, Shift-Dir - straight line, f - Terence
Aim: Terence, wielding a +0 flail and wearing a +0 chain mail (heavily wounded, constricted by you, 100% to hit)
The blast of sand hits Terence but does no damage.
Terence is heavily wounded.
You constrict Terence, but do no damage.
Terence closely misses you.
Casting: Sandblast (safe; 3% risk of failure)
Confirm with . or Enter, or press ? or * to list all spells.
Aiming: Sandblast (safe; 3% risk of failure)
Press: ? - help, Shift-Dir - straight line, f/p - Terence
Aim: Terence, wielding a +0 flail and wearing a +0 chain mail (heavily wounded, constricted by you, 100% to hit)
The blast of sand hits Terence but does no damage.
Terence is heavily wounded.
You constrict Terence. Terence hits you with a +0 flail!
* * * LOW HITPOINT WARNING * * *
You feel better.
You constrict Terence, but do no damage.
Terence hits you with a +0 flail!
* * * LOW HITPOINT WARNING * * *
A red film seems to cover your vision as you go berserk!
You feel yourself moving faster!
You feel mighty!
You constrict Terence, but do no damage.
Terence hits you with a +0 flail!
You die...

# #.# #.#
#.# # #.#
#.# #.# #
#.# #.# #.#
#.# #.#
#.### # #.#
#.# #.... #
#)# #.#
####. #
#########.#
#. #
......@...#
#. # .#
######@###
#. ### #.#
#.# #. ..##
#.# #..
####
.#.####.#
##.# #...
###.#...#
.. #.## #
##....# ++#
#.# #.#...#
..♣ #.#
#..##.<#
... #.#
#.#.
#..######
#.#


You could see Terence.

Vanquished Creatures
  4 adders
  3 worms
  2 dart slugs
  An orc (D:3)
  4 endoplasms
  4 giant cockroaches
  7 hobgoblins
  A kobold (D:2)
  2 quokkas
  8 ball pythons
  2 bats
  3 frilled lizards
  4 goblins
  3 rats
48 creatures vanquished.

Vanquished Creatures (others)
  A plant (D:2)
1 creature vanquished.

Grand Total: 49 creatures vanquished

Notes
Turn   | Place    | Note
-------+----------+-------------------------------------------
     0 | D:1      | Kaptain the Octopode Earth Elementalist began the quest for
                  | the Orb.
     0 | D:1      | Reached XP level 1. HP: 11/11 MP: 3/3
    50 | D:1      | Reached skill level 3 in Stealth
   115 | D:1      | Reached XP level 2. HP: 17/17 MP: 5/5
  1158 | D:2      | Reached XP level 3. HP: 22/22 MP: 4/6
  1201 | D:2      | Learned a level 2 spell: Passwall
  1205 | D:2      | Learned a level 3 spell: Stone Arrow
  1416 | D:2      | Found a faded altar of an unknown god.
  1798 | D:2      | Reached skill level 1 in Fighting
  1798 | D:2      | Reached skill level 4 in Stealth
  1798 | D:2      | Reached XP level 4. HP: 12/28 MP: 2/7
  2824 | D:3      | Noticed Terence
  2826 | D:3      | Found a runed translucent gate.
  2826 | D:3      | Found a runed translucent gate.
  2832 | D:3      | Slain by Terence

Illustrated notes

Levels and vault maps discovered:
D:1:      zaba_arrival_water, layout_basic, serial_bayou, serial_bayou_lake_a,
          serial_bayou_pond_e, serial_bayou_lagoon_a, serial_bayou_lagoon_b
D:2:      layout_basic, hellmonk_ecumenical_altar_crossroads,
          serial_bayou_pond_d
D:3:      layout_loops_ring, ebering_ghost_rock_garden,
          cheibrodos_sewer_entry_bend, uniq_terence, uniq_natasha
D:4:      layout_basic

Skill      XL: |  1  2  3 |
---------------+----------+-----
Stealth        | 3 4 |  4.2
Fighting       | 1 |  1.2
Dodging        | |  2.6
Spellcasting   | |  2.5
Transmutations | |  1.0
Earth Magic    | |  3.6

Action                   |  1- 3 |  4- 6 || total
-------------------------+-------+-------++-------
Melee: Flail             |     5 |       ||     5
       Tentacles         |     4 |     4 ||     8
       Constrict         |     5 |     6 ||    11
       Unarmed           |     2 |       ||     2
       Quarterstaff      |     5 |       ||     5
       Dagger            |    10 |     5 ||    15
       Short sword       |       |    26 ||    26
 Cast: Sandblast         |    37 |     5 ||    42
       Stone Arrow       |       |     3 ||     3
  Use: Scroll            |     5 |     1 ||     6
       Potion            |       |     2 ||     2
 Stab: Sleeping          |     5 |     6 ||    11
Armor: Skin              |     1 |       ||     1
Dodge: Dodged            |    15 |    22 ||    37
